 Dungeon Crawl Stone Soup version 0.29.0-4-gdea44cf6ec (webtiles) character file.

Game seed: 11944446265396145605

30 qw the Sneak (level 3, -2/23 HPs)
             Began as a Gargoyle Delver on Sept 10, 2022.
             Slain by an iguana (6 damage)
             ... on level 2 of the Dungeon.
             The game lasted 00:00:29 (1481 turns).

qw the Sneak (Gargoyle Delver)                      Turns: 1481, Time: 00:00:30

Health: -2/23      AC:  9    Str: 17    XL:     3   Next: 20%
Magic:  3/3        EV:  9    Int: 10    God:
Gold:   43         SH:  0    Dex: 11    Spells: 2/2 levels left

rFire   . . .      SeeInvis .   Y - +0 hand axe
rCold   . . .      Faith    .   (no shield)
rNeg    + . .      Spirit   .   j - +0 scale mail
rPois   inf        Reflect  .   (no helmet)
rElec   +          Harm     .   (no cloak)
rCorr   +          Rampage  .   (no gloves)
Will    .....                   (no boots)
Stlth   +.........              (no amulet)
HPRegen 0.07/turn               d - ring of resist corrosion
MPRegen 0.08/turn               (no ring)

@: no status effects
A: sickness immunity, AC +3, negative energy resistance 1, electricity
resistance, torment resistance 1, petrification resistance
a: no special abilities


You were on level 2 of the Dungeon.
You visited 1 branch of the dungeon, and saw 5 of its levels.

You collected 43 gold pieces.


Innate Abilities, Weirdness & Mutations

You are immune to sickness and miasma.
Your stone body is resilient. (AC +3)
You are immune to poison.
You resist negative energy. (rN+)
You are resistant to electric shocks. (rElec)
You are resistant to unholy torment.
You are immune to petrification.


   Skills:
 - Level 3.2 Fighting
 + Level 3.0 Axes
 - Level 1.0 Armour
 - Level 1.5 Dodging
 - Level 5.4 Stealth


You had 2 spell levels left.
You didn't know any spells.
Your spell library was empty.

Inventory:

Hand Weapons
 c - a +0 club
 Y - a +0 hand axe (weapon)
Armour
 j - a +0 scale mail (worn)
Jewellery
 d - a ring of resist corrosion (left hand)
Wands
 g - a wand of digging (3)
Scrolls
 a - a scroll of teleportation {unknown}
 e - a scroll of enchant armour {unknown}
Potions
 b - a potion of berserk rage {unknown}
 f - 3 potions of haste

Dungeon Overview and Level Annotations

Branches:
Dungeon (5/15)
 Temple: D:4-7

Altars:
Uskayaw


Message History

Enter note: The ball python hisses angrily.
You hit the ball python.
The ball python is moderately wounded.
The ball python barely misses you. x2
You slash the ball python!
You kill the ball python!
Your Armour skill increases to level 1!
There is an open door here.
You see here a ball python corpse.
A sourceless malevolence fills the Dungeon...
You fall into a shaft and drop 1 floor!
The shaft crumbles and collapses.
An iguana and a bat come into view.
The iguana hisses angrily.
The bat hits you but does no damage. The bat hits you but does no damage.
The bat closely misses you.
You hit the bat.
You kill the bat!
The iguana bites you.
You closely miss the iguana. The iguana bites you!
You hit the iguana.
The iguana is moderately wounded.
The iguana bites you.
You barely miss the iguana.
The iguana is moderately wounded.
The iguana bites you!
You hit the iguana but do no damage.
The iguana is moderately wounded.
The iguana bites you but does no damage.
You hit the iguana.
The iguana is moderately wounded.
The iguana bites you.
You closely miss the iguana.
The iguana is moderately wounded.
The iguana bites you.
You hit the iguana but do no damage.
The iguana is moderately wounded.
The iguana bites you.
You die...

##### #.# #.#
####.#### #....%..#
#.##.##%# #.##.##.#
######### #.##.##.#
......l.# #.##.##.#
###@########.##.##.#
#..................#
#.########.####.####
#.# #.# #.#
#.########.####.## #
#.................###
#..########.####.[...
#..# #.# #...## #..#
#.####.#.##


You could see an iguana.

Vanquished Creatures
  A dart slug (D:2)
  2 endoplasms (D:1)
  2 giant cockroaches (D:1)
  A goblin (D:1)
  2 hobgoblins (D:2)
  3 kobolds
  4 quokkas
  6 ball pythons
  2 bats
  2 frilled lizards
  2 rats (D:1)
27 creatures vanquished.

Vanquished Creatures (others)
  2 plants (D:1)
2 creatures vanquished.

Grand Total: 29 creatures vanquished

Notes
Turn   | Place    | Note
-------+----------+-------------------------------------------
     0 | D:5      | qw the Gargoyle Delver began the quest for the Orb.
     0 | D:5      | Reached XP level 1. HP: 14/14 MP: 1/1
     0 | D:5      | 0 ||| qw: Version: 0.1-a-116-g5d60599
     0 | D:5      | 0 ||| qw: Game counter: 8533
     0 | D:5      | 0 ||| qw: Always use a shield: true
     0 | D:5      | 0 ||| qw: God list: Okawaru
     0 | D:5      | 0 ||| qw: Allow faded altars: false
     0 | D:5      | 0 ||| qw: Do Orc after D:15 true
     0 | D:5      | 0 ||| qw: Do second Lair branch before Depths: true
     0 | D:5      | 0 ||| qw: Lair rune preference: random
     0 | D:5      | 0 ||| qw: Plans: Normal
     0 | D:5      | 0 ||| PLANNING D:1-11
     8 | D:5      | 8 ||| DROPPING scroll of fog.
     9 | D:5      | 9 ||| DROPPING scroll of magic mapping.
    10 | D:5      | 10 ||| DROPPING scroll of fear.
    11 | D:5      | Found a hide-covered altar of Uskayaw.
    52 | D:3      | 52 ||| STAIRDANCE
   240 | D:2      | Reached XP level 2. HP: 10/19 MP: 2/2
   752 | D:2      | 752 ||| UPGRADING to +0 ring mail.
   762 | D:2      | 762 ||| DROPPING +0 leather armour.
   763 | D:2      | 763 ||| UPGRADING to +0 scale mail.
   773 | D:2      | 773 ||| DROPPING +0 ring mail.
   774 | D:2      | 774 ||| UPGRADING to ring of resist corrosion.
   775 | D:2      | 775 ||| READING scroll labelled XEATECZ POCS.
   794 | D:1      | 794 ||| Stepping ~*~*~tactically~*~*~ (stealth).
  1012 | D:1      | 1012 ||| Stepping ~*~*~tactically~*~*~ (stealth).
  1013 | D:1      | 1013 ||| Stepping ~*~*~tactically~*~*~ (stealth).
  1014 | D:1      | 1014 ||| Stepping ~*~*~tactically~*~*~ (stealth).
  1038 | D:1      | Reached skill level 3 in Axes
  1226 | D:1      | Reached XP level 3. HP: 23/23 MP: 3/3
  1291 | D:1      | Found a faded altar of an unknown god.
  1458 | D:1      | Reached skill level 1 in Armour
  1461 | D:1      | You fall into a shaft and drop 1 floor!
  1479 | D:2      | HP: 5/23 [iguana (1)]
  1481 | D:2      | Slain by an iguana

Levels and vault maps discovered:
D:1:      sevenhm_arrival_forest_fort_small_5, layout_loops_corners,
          shapermc_ecumenical_altar_gd, minmay_tetromino_t2
D:2:      layout_loops_ring, uniq_robin, uniq_sigmund
D:3:      layout_basic, elyvilon_altar_1, gammafunk_ghost_cemetery
D:4:      layout_gridville, minmay_temple_entry_overgrown, uniq_menkaure
D:5:      layout_basic, mainiacjoe_overflow_alcove_4,
          nicolae_overflow_crystal_walls, serial_shops, shop_fountains,
          uniq_edmund

Skill      XL: |  1  2  3 |
---------------+----------+-----
Axes           | 2 3 |  3.0
Armour         | 1 |  1.0
Fighting       | |  3.2
Dodging        | |  1.5
Stealth        | |  5.4

Action                   || total
-------------------------++-------
Melee: Hand axe          ||    83
Throw: Boomerang         ||    11
  Use: Scroll            ||     1
 Stab: Sleeping          ||     3
Armor: Leather armour    ||    10
       Scale mail        ||    16
Dodge: Dodged            ||    34

Table legend:
 A = Non-vault XP
 B = Vault XP
 C = Vault XP percentage of total XP
 D = Non-vault monster count
 E = Vault monster count
 F = Vault count percentage of total count
                 A         B        C        D         E       F
            +---------+---------+-------+---------+---------+-------
      Total |      41 |       3 |   6.8 |      25 |       2 |   7.4
            +---------+---------+-------+---------+---------+-------
        D:1 |      22 |       3 |  12.0 |      15 |       2 |  11.8
        D:2 |      19 |       0 |   0.0 |      10 |       0 |   0.0
            +---------+---------+-------+---------+---------+-------
